 Dungeon Crawl Stone Soup version 0.28.0-53-g5a82cb258f (webtiles) character file.

Game seed: 16736292042429760136

451908 Woods the Oracle (level 23, -10/285 HPs)
             Began as a Gnoll Transmuter on June 9, 2022.
             Was an Elder of Ashenzari.
             Killed from afar by a frost giant (33 damage)
             ... with a bolt of cold
             ... on level 2 of the Depths.
             The game lasted 03:15:40 (89354 turns).

Woods the Oracle (Gnoll Transmuter)                Turns: 89354, Time: 03:15:41

Health: -10/285    AC: 16    Str: 21    XL:     23   Next: 99%
Magic:  15/45      EV: 13    Int: 23    God:    Ashenzari [****..]
Gold:   2429       SH:  0    Dex: 12    Spells: 12/59 levels left

rFire   + + .      SeeInvis +     - Unarmed
rCold   x . .      Faith    .   (shield currently unavailable)
rNeg    + . .      Spirit   .   (armour currently unavailable)
rPois   +          Reflect  .   (helmet currently unavailable)
rElec   .          Harm     .   (cloak currently unavailable)
rCorr   .          Rampage  .   (gloves currently unavailable)
Will    ++++.      Archmagi +   (boots currently unavailable)
Stlth   ++++++.... Clarity  +   L - amulet of the Four Winds {rN+ Will+++ Clar, Melee, Elem} (curse)
HPRegen 0.57/turn               U - ring of the Mage {Wiz Archmagi, Melee, Self} (curse)
MPRegen 0.29/turn               j - ring of the Oracular Stars {Wiz, Alch, Melee} (curse)

@: dragon-form, flying, studying Axes
A: dragon claw, dragon scales, breathe fire, flying, boosted hp, giant, (fangs
1), strong nose, distributed training
}: 3/15 runes: decaying, serpentine, silver
a: Breathe Fire, End Transformation, Renounce Religion, Curse Item, Shatter the
Chains


You were on level 2 of the Depths.
You worshipped Ashenzari.
Ashenzari was greatly pleased with you.
You were a fearsome dragon!
You visited 9 branches of the dungeon, and saw 42 of its levels.
You visited 2 bazaars.
You also visited: Ossuary.

You collected 6918 gold pieces.
You spent 4489 gold pieces at shops.

Inventory:

Hand Weapons
 W - a +7 trishula of holy wrath (melded)
Armour
 a - a +1 tower shield of protection
 q - the cursed +0 cloak of the Mantic Prison (melded) {Elem, Self}
   (You found it on level 1 of the Snake Pit)

   It has a curse which improves the following skills: Elements: Fire Magic, Ice
   Magic, Air Magic and Earth Magic.
   Introspection: Fighting and Spellcasting.
 x - the cursed +0 hat "Share My Gloom" (melded) {Fort, Self}
   (You found it on level 5 of the Dungeon)

   It has a curse which improves the following skills: Fortitude: Armour and
   Shields.
   Introspection: Fighting and Spellcasting.
 D - the +1 cloak of Ashenzari's Approval {rC+ Dex+4}
   (You found it on level 3 of the Elven Halls)

   Dex:       It affects your dexterity (+4).
   rC:        It protects you from cold.
 E - a +2 pair of gloves of strength (melded)
 F - the cursed +2 robe "Sybil of the Bound God" (melded) {Archmagi, Melee, Elem}
   (You took it off Agnes on level 2 of the Snake Pit)

   It has a curse which improves the following skills: Melee Combat: Short
   Blades, Long Blades, Axes, Maces & Flails, Polearms, Staves and Unarmed
   Combat.
   Elements:  Fire Magic, Ice Magic, Air Magic and Earth Magic.
 V - the cursed +0 pair of boots "Lashed With Me" (melded) {Evo, Elem}
   (You found it on level 14 of the Dungeon)

   It has a curse which improves the following skills: Evocations: Evocations.
   Elements:  Fire Magic, Ice Magic, Air Magic and Earth Magic.
Jewellery
 b - the ring "Icoraatto" {Wiz Str+7}
   (You took it off an ironbound preserver on level 5 of the Vaults)

   [ring of wizardry]

   It improves your spell success rate.
   Str:       It affects your strength (+7).
 j - the cursed ring of the Oracular Stars (right foreclaw) {Wiz, Alch, Melee}
   (You found it on level 3 of the Dungeon)

   [ring of wizardry]

   It improves your spell success rate.
   It has a curse which improves the following skills: Alchemy: Poison Magic and
   Transmutations.
   Melee Combat: Short Blades, Long Blades, Axes, Maces & Flails, Polearms,
   Staves and Unarmed Combat.
 w - a ring of magical power
 L - the cursed amulet of the Four Winds (around neck) {rN+ Will+++ Clar, Melee, Elem}
   (You took it off a deep elf high priest on level 3 of the Elven Halls)

   [amulet of nothing]

   rN:        It protects you from negative energy.
   Clar:      It protects you against confusion.
   Will:      It greatly increases your willpower.
   It has a curse which improves the following skills: Melee Combat: Short
   Blades, Long Blades, Axes, Maces & Flails, Polearms, Staves and Unarmed
   Combat.
   Elements:  Fire Magic, Ice Magic, Air Magic and Earth Magic.
 R - an amulet of reflection
 T - the ring "Puoc" {rElec Str+6}
   (You found it on level 6 of the Lair of Beasts)

   [ring of strength]

   Str:       It affects your strength (+6).
   rElec:     It insulates you from electricity.
 U - the cursed ring of the Mage (left foreclaw) {Wiz Archmagi, Melee, Self}
   (You bought it in a shop on level 2 of the Orcish Mines)

   [ring of wizardry]

   It improves your spell success rate.
   Archmagi:  It increases the power of your magical spells.
   It has a curse which improves the following skills: Melee Combat: Short
   Blades, Long Blades, Axes, Maces & Flails, Polearms, Staves and Unarmed
   Combat.
   Introspection: Fighting and Spellcasting.
Wands
 k - a wand of paralysis (7)
 y - a wand of mindburst (55)
 G - a wand of iceblast (11)
 H - a wand of acid (23)
 J - a wand of flame (69)
 S - a wand of polymorph (21)
 Y - a wand of charming (17)
Scrolls
 f - 3 scrolls of torment
 g - 8 scrolls of teleportation
 h - 9 scrolls of vulnerability
 l - a scroll of blinking
 m - 14 scrolls of fear
 n - 4 scrolls of magic mapping
 o - 3 scrolls of amnesia
 p - 3 scrolls of holy word
 s - 3 scrolls of silence
 A - 7 scrolls of enchant armour
 C - 5 scrolls of fog
 X - 4 scrolls of brand weapon
 Z - 2 scrolls of summoning
Potions
 c - 13 potions of brilliance
 d - 5 potions of might
 e - 3 potions of mutation
 i - 9 potions of flight
 r - 3 potions of magic
 t - 11 potions of lignification
 u - 11 potions of heal wounds
 v - 6 potions of cancellation
 z - 3 potions of berserk rage
 B - 24 potions of curing
 I - 4 potions of resistance
 K - 3 potions of haste
 P - 4 potions of ambrosia
Miscellaneous
 M - a condenser vane
 N - a box of beasts
 O - a phantom mirror
 Q - a piece from Xom's chessboard (15/15)


   Skills:
 + Level 16.2(18.1) Fighting
 + Level 16.0(19.8) Short Blades
 + Level 16.0(19.8) Long Blades
 + Level 16.7(20.4) Axes
 + Level 16.0(19.8) Maces & Flails
 + Level 16.0(19.8) Polearms
 + Level 16.0(19.8) Staves
 + Level 16.0 Slings
 + Level 16.0 Bows
 + Level 16.0 Crossbows
 + Level 16.0 Throwing
 + Level 16.0 Armour
 + Level 16.6 Dodging
 + Level 16.0 Stealth
 + Level 16.0 Shields
 + Level 17.2(20.9) Unarmed Combat
 + Level 16.7(18.5) Spellcasting
 + Level 13.6 Conjurations
 + Level 13.6 Hexes
 + Level 13.6 Summonings
 + Level 13.6 Necromancy
 + Level 13.6 Translocations
 + Level 14.1(16.0) Transmutations
 + Level 13.6(15.5) Fire Magic
 + Level 13.6(15.5) Ice Magic
 + Level 13.6(15.5) Air Magic
 + Level 13.6(15.5) Earth Magic
 + Level 13.6(15.5) Poison Magic
 + Level 17.4 Invocations
 + Level 16.0 Evocations


You had 12 spell levels left.
You knew the following spells:

 Your Spells              Type           Power      Damage    Failure   Level
a - Ignition              Fire           48%        3d14      7%          8
b - Infestation           Necr           45%        N/A       16%         8
e - Irradiate             Conj/Tmut      47%        3d29      1%          5
f - Lehudib's Crystal Sp  Conj/Erth      46%        10d11     11%         8
g - Manifold Assault      Tloc           90%        N/A       1%          5
h - Simulacrum            Ice/Necr       46%        N/A       1%          6
i - Dragon Form           Tmut           48%        N/A       1%          7

Your spell library contained the following spells:

 Spells                   Type           Power      Damage    Failure   Level
 Animate Skeleton         Necr           100%       N/A       0%          1
 Apportation              Tloc           100%       N/A       0%          1
 Beastly Appendage        Tmut           100%       N/A       0%          1
 Magic Dart               Conj           100%       1d8       0%          1
 Pain                     Necr           100%       1d9       0%          1
 Sandblast                Erth           100%       2d20      0%          1
 Blink                    Tloc           100%       N/A       0%          2
 Call Imp                 Summ           90%        N/A       0%          2
 Corpse Rot               Necr/Air       100%       N/A       0%          2
 Passwall                 Tmut/Erth      80%        N/A       0%          2
 Poisonous Vapours        Pois/Air       100%       N/A       0%          2
 Searing Ray              Conj           100%       2d8       0%          2
 Sublimation of Blood     Necr           90%        N/A       0%          2
 Wereblood                Tmut           97%        N/A       0%          2
 Conjure Flame            Conj/Fire      93%        6-21      0%          3
 Ignite Poison            Fire/Tmut/Pois 96%        N/A       0%          3
 Inner Flame              Hex/Fire       93%        N/A       0%          3
 Mephitic Cloud           Conj/Pois/Air  94%        N/A       0%          3
 Ozocubu's Armour         Ice            96%        N/A       0%          3
 Spider Form              Tmut/Pois      96%        N/A       0%          3
 Stone Arrow              Conj/Erth      100%       3d13      0%          3
 Swiftness                Air            96%        N/A       0%          3
 Confusing Touch          Hex            90%        N/A       1%          3
 Gell's Gravitas          Tloc           90%        N/A       1%          3
 Lesser Beckoning         Tloc           90%        N/A       1%          3
 Tukima's Dance           Hex            90%        N/A       1%          3
 Airstrike                Air            48%        N/A       1%          4
 Anguish                  Hex/Necr       45%        N/A       1%          4
 Animate Dead             Necr           45%        N/A       1%          4
 Cause Fear               Hex            45%        N/A       1%          4
 Fulminant Prism          Conj/Hex       45%        3d21      1%          4
 Hailstorm                Conj/Ice       93%        3d18      1%          4
 Ice Form                 Ice/Tmut       96%        N/A       1%          4
 Iskenderun's Mystic Bla  Conj/Tloc      90%        2d18      1%          4
 Leda's Liquefaction      Hex/Erth       46%        N/A       1%          4
 Olgreb's Toxic Radiance  Pois           96%        N/A       1%          4
 Passage of Golubria      Tloc           90%        N/A       1%          4
 Petrify                  Tmut/Erth      96%        N/A       1%          4
 Sticky Flame             Conj/Fire      93%        2d10      1%          4
 Agony                    Necr           90%        N/A       1%          5
 Alistair's Intoxication  Tmut/Pois      64%        N/A       1%          5
 Blade Hands              Tmut           48%        N/A       1%          5
 Borgnjor's Vile Clutch   Necr/Erth      46%        N/A       1%          5
 Excruciating Wounds      Necr           45%        N/A       1%          5
 Fireball                 Conj/Fire      46%        3d18      1%          5
 Freezing Cloud           Conj/Ice/Air   47%        6-21      1%          5
 Lee's Rapid Deconstruct  Erth           48%        3d24*     1%          5
 Metabolic Englaciation   Hex/Ice        46%        N/A       1%          5
 Silence                  Hex/Air        46%        N/A       1%          5
 Summon Forest            Summ/Tloc      45%        N/A       1%          5
 Summon Mana Viper        Hex/Summ       90%        N/A       1%          5
 Yara's Violent Unravell  Hex/Tmut       47%        3d18      1%          5
 Dispersal                Tloc           45%        N/A       1%          6
 Eringya's Noxious Bog    Tmut/Pois      48%        N/A       1%          6
 Iron Shot                Conj/Erth      46%        9d9       1%          6
 Starburst                Conj/Fire      46%        6d13      1%          6
 Summon Cactus Giant      Summ           45%        N/A       1%          6
 Ozocubu's Refrigeration  Ice            48%        4d14      1%          7
 Enfeeble                 Hex            45%        N/A       2%          7
 Haunt                    Necr/Summ      45%        N/A       2%          7
 Malign Gateway           Summ/Tloc      45%        N/A       2%          7
 Summon Hydra             Summ           45%        N/A       2%          7
 Discord                  Hex            45%        N/A       16%         8
 Summon Horrible Things   Summ           45%        N/A       16%         8
 Shatter                  Erth           48%        3d37*     67%         9
 Chain Lightning          Conj/Air       46%        3d62      78%         9
 Fire Storm               Conj/Fire      46%        8d12      78%         9
 Death's Door             Necr           45%        N/A       88%         9
 Dragon's Call            Summ           45%        N/A       88%         9


Dungeon Overview and Level Annotations

Branches:
Dungeon (15/15)            Temple (1/1) D:4            Lair (6/6) D:10
  Swamp (4/4) Lair:3        Snake (4/4) Lair:3        Slime (0/5) Lair:6
    Orc (2/2) D:9             Elf (3/3) Orc:2        Vaults (5/5) D:14
  Crypt (0/3) Vaults:2     Depths (2/4) D:15        Ossuary (visited)

Altars:
Ashenzari
Cheibriados
Dithmenos
Elyvilon
Fedhas
Gozag
Hepliaklqana
Kikubaaqudgha
Makhleb
Nemelex Xobeh
Okawaru
Qazlal
Ru
Sif Muna
Trog
Uskayaw
Vehumet
Wu Jian
Xom
Yredelemnul
Zin
The Shining One
Beogh

Shops:
D:7 !![?:   D:9 =   Orc:1 =   Orc:2 ==(!   Elf:1 ![**   Snake:4 :   Vaults:3 (

Portals:
Hell: Depths:1 Depths:2
Ziggurat: Depths:2
Trove: D:10 (give +4 demon blade)

Annotations:
Lair:6 3 runed translucent doors, Razfen's ghost, journeyman GnWn; Zeld's ghost, journeyman DrCj
Orc:1 3 runed translucent doors, Faticla's ghost, journeyman DsAM


Innate Abilities, Weirdness & Mutations

You are a fearsome dragon!
You have a powerful clawing attack.
Your giant scaled body is strong and resiliant, but less evasive.
You can breathe fire.
You are flying.
Your maximum health is greatly increased.
Your armour is entirely melded.
You are incapable of wielding weapons or throwing items.
((You have very sharp teeth.))
Your uncanny sense of smell can sniff out nearby items.
Your experience applies equally to all skills.


Message History

You kill the spriggan air mage!
You maul the white very ugly thing!!!
You tail-slap the white very ugly thing, but do no damage.
You claw the white very ugly thing!!
The white very ugly thing is severely wounded.
The white very ugly thing gores you!
The white very ugly thing freezes you!!!
You feel a terrible chill!
You hear a horrible gurgling sound!
A fire giant comes into view.
It is wielding a +0 great sword of flaming.
Found 21 gold pieces.
The white very ugly thing gores you!
The white very ugly thing freezes you!!!
You feel a terrible chill!
You barely miss the white very ugly thing.
You claw the white very ugly thing!
Your bite misses the white very ugly thing.
The white very ugly thing is severely wounded.
You maul the white very ugly thing!!!
You kill the white very ugly thing!
Found a stone staircase leading down.
You maul the purple ugly thing!!!!
You kill the purple ugly thing!
You hear a shout!
You hear a croak.
You hear a shout!
A frost giant comes into view.
It is wielding a +4 battleaxe of freezing.
The frost giant gestures at you while chanting.
The bolt of cold misses you.
The frost giant gestures at you while chanting.
The bolt of cold hits you!!!
You feel a terrible chill!
* * * LOW HITPOINT WARNING * * *
You claw the frost giant!
The frost giant is lightly wounded.
The frost giant hits you with a +4 battleaxe of freezing!
* * * LOW HITPOINT WARNING * * *
The frost giant freezes you!
* * * LOW HITPOINT WARNING * * *
Unknown command.
You feel much better.
The frost giant gestures at you while chanting.
The bolt of cold hits you!!
You feel a terrible chill!
You die...

u§u≈.###### §§{u[[....##
≈H{≈#......#
≈§§.#.u....#####
....#...###############*
* *
...##u.$#....†.#>#....#
* ,
........#....#........#
.##.....#.{..#....^...#
, ,
###..##{...###D##..## ,
* ##.†...#####C## ## ,,
*∆,####.{.#,,#...., , ∆
∆*##....# ,#.... ,, * ,
.....#{ ##...., , , ,
#.$...#{, #.....* ,,,,
,,, ......# #.....#* ,,,
*,, #......+, ,....... ,
, * * #......# ,, , ** +


You could see a frost giant.

Vanquished Creatures
  Mara (Swamp:3)
  Mennas (Vaults:3)
  An ancient lich (Vaults:5)
  A juggernaut (shapeshifter) (Vaults:5)
  Nikola (Swamp:4)
  2 golden dragons (Vaults:5)
  A bone dragon (Depths:1)
  4 tentacled monstrosities
  Mlioglotl (Snake:2)
  2 liches
  2 deep elf blademasters (Elf:3)
  4 titans
  A quicksilver dragon (Vaults:5)
  A deep elf master archer (Elf:3)
  6 sphinxes
  An ancient champion (Elf:3)
  Frances (D:14)
  3 storm dragons (Vaults:5)
  A thorn hunter (Swamp:1)
  Agnes (Snake:2)
  Donald (Elf:1)
  Kirke (Snake:2)
  6 tengu reavers
  4 shadow dragons (Vaults:5)
  3 nagarajas (Snake:4)
  5 deep elf sorcerers (Elf:3)
  14 vault wardens
  2 frost giants
  7 fire giants
  A balrug (Depths:1)
  2 iron dragons
  Aizul (Swamp:3)
  A curse skull (Vaults:2)
  15 ironbound preservers
  5 deep elf elementalists (Elf:3)
  21 very ugly things
  A war gargoyle (Vaults:5)
  A spriggan defender (Depths:2)
  5 deep elf demonologists
  6 stone giants
  6 ironbound thunderhulks
  Azrael (D:14)
  9 deep elf annihilators (Elf:3)
  2 spark wasps (Depths:2)
  3 eleionomae
  6 bunyips
  2 entropy weavers
  11 dire elephants
  An eidolon (Elf:3)
  6 ettins
  8 deep elf death magi
  13 yaktaur captains
  A jiangshi (Elf:3)
  A merfolk impaler (Depths:1)
  2 green deaths (Swamp:4)
  8 deep elf high priests
  3 shambling mangroves
  3 salamander tyrants
  A fire dragon (Depths:2)
  Harold (D:10)
  A rakshasa (Depths:1)
  16 naga warriors
  A great orb of eyes (Vaults:4)
  6 boulder beetles
  An ice dragon (shapeshifter) (Vaults:5)
  29 vault guards
  A hell beast (Depths:1)
  15 hydras
  3 ghost crabs
  3 ogre magi
  4 spriggan air magi
  5 ironbound frosthearts
  20 centaur warriors
  A merfolk avatar (Lair:6)
  6 ice dragons
  5 anacondas
  A peacekeeper (Vaults:3)
  29 dancing weapons
  A catoblepas (Lair:5)
  3 death knights
  7 deep troll shamans
  4 deep troll earth magi
  2 alligators
  8 two-headed ogres
  3 death yaks
  A vampire mage (Depths:1)
  A hell knight (Vaults:5)
  A thrashing horror (Swamp:4)
  2 tengu warriors (Depths:1)
  An orc high priest (Elf:3)
  14 naga sharpshooters
  A spriggan berserker (Depths:2)
  6 shock serpents
  A large abomination (Swamp:4)
  Nergalle (D:12)
  22 deep elf knights
  6 salamander mystics
  2 skeletal warriors
  5 goliath frogs
  5 iron trolls
  A sea snake (shapeshifter) (Elf:3)
  12 sea snakes
  A death drake (Swamp:2)
  5 spriggan druids
  9 swamp dragons
  11 deep elf archers
  7 naga ritualists
  A death drake (shapeshifter) (Vaults:5)
  A glowing orange brain (Vaults:4)
  9 lindwurms
  50 deep trolls
  A flayed ghost (Elf:3)
  4 phantasmal warriors
  8 bog bodies
  37 deep elf pyromancers
  8 harpies
  A harpy (shapeshifter) (D:15)
  20 deep elf zephyrmancers
  3 orc knights
  17 ironbound convokers
  10 wizards
  2 necromancers
  42 ugly things
  13 mana vipers
  A cyclops (D:14)
  14 salamanders
  4 will-o-the-wisps
  A wolf spider (Lair:1)
  9 orc sorcerers (Orc:2)
  7 manticores
  19 naga magi
  21 vault sentinels
  6 elephants
  26 black mambas
  3 guardian serpents
  A guardian serpent (shapeshifter) (Elf:3)
  2 torpor snails
  8 spectral elves (Elf:3)
  3 gargoyles
  10 cane toads
  6 rime drakes
  2 kobold demonologists (D:12)
  10 komodo dragons
  2 orange demons (Swamp:4)
  2 efreet
  6 freezing wraiths
  An unseen horror (D:11)
  31 yaktaurs
  A bloated husk (Swamp:1)
  11 trolls
  A queen bee (Lair:3)
  7 meliai
  A queen bee (shapeshifter) (Elf:3)
  2 polar bears
  7 tyrant leeches
  A hornet (shapeshifter) (D:14)
  14 hornets
  2 raiju (shapeshifter)
  2 snapping turtles (Lair:6)
  26 slime creatures
  24 blink frogs
  A shadow (Swamp:4)
  A spriggan (shapeshifter) (Vaults:5)
  2 flying skulls
  2 air elementals
  5 water elementals
  33 yaks
  A jumping spider (Vaults:1)
  A vampire (Elf:3)
  9 spriggans
  8 fire elementals
  9 wraiths
  Grum (D:8)
  10 wyverns
  3 fire bats (Lair:3)
  4 hogs (Snake:2)
  4 redbacks
  3 steam dragons
  2 wargs (Orc:2)
  3 basilisks
  17 vampire mosquitoes
  37 nagas
  Edmund (D:6)
  13 swamp worms
  An acid dragon (D:11)
  2 hell hounds (D:14)
  10 water moccasins
  2 sky beasts
  A floating eye (shapeshifter) (Depths:1)
  2 ice beasts
  24 orc warriors
  12 ogres
  5 boggarts (Vaults:2)
  5 necrophages
  10 centaurs
  37 wolves
  3 kobold brigands
  Blork the orc (D:4)
  16 bullfrogs
  A wyvern zombie (D:8)
  An earth elemental (Elf:2)
  4 scorpions
  2 small abominations (Swamp:4)
  A gnoll sergeant (D:10)
  3 water moccasin zombies (Ossuary)
  35 killer bees
  6 wights
  4 electric eels (Snake:2)
  5 centaur zombies
  6 howler monkeys
  A bullfrog zombie (D:5)
  2 hounds
  19 orc priests
  5 jellies
  2 centaur skeletons
  A human zombie (D:8)
  Ijyb (D:5)
  4 iguanas
  40 orc wizards
  A scorpion zombie (D:5)
  A killer bee zombie (D:8)
  3 mummies
  A hound skeleton (D:4)
  2 howler monkey zombies
  8 gnolls
  9 adders
  2 shadow imps
  2 white imps
  4 adder zombies (Ossuary)
  An adder skeleton (D:5)
  4 worms
  2 dart slugs
  71 orcs
  2 ball pythons (D:1)
  5 bats
  8 endoplasms
  3 giant cockroaches
  3 gnoll zombies (Ossuary)
  5 hobgoblins
  3 jackals (D:1)
  14 kobolds
  A quokka (D:1)
  5 frilled lizards
  12 goblins
  3 hobgoblin zombies (Ossuary)
  5 kobold zombies (Ossuary)
  4 orc zombies (Ossuary)
  A quokka zombie (D:3)
  6 rats
1672 creatures vanquished.

Vanquished Creatures (collateral kills)
  A deep troll shaman (Depths:1)
  A deep troll earth mage (Depths:1)
  An iron troll (Depths:1)
  A deep elf zephyrmancer (Elf:2)
4 creatures vanquished.

Vanquished Creatures (others)
  2 humans (Snake:2)
  An orc wizard (Orc:2)
  An orc (Orc:2)
  2 foxfires (Swamp:3)
  47 fungi
  219 plants
  4 withered plants (Lair:6)
276 creatures vanquished.

Grand Total: 1952 creatures vanquished

Notes
Turn   | Place    | Note
-------+----------+-------------------------------------------
     0 | D:1      | Woods the Gnoll Transmuter began the quest for the Orb.
     0 | D:1      | Reached XP level 1. HP: 17/17 MP: 6/6
    80 | D:1      | Reached XP level 2. HP: 12/23 MP: 7/7
   263 | D:1      | Found a faded altar of an unknown god.
   521 | D:1      | Reached XP level 3. HP: 28/28 MP: 7/9
   630 | D:1      | Reached skill level 5 in Spellcasting
  1104 | D:1      | Reached skill level 1 in Invocations
  1124 | D:1      | Reached skill level 1 in Short Blades
  1124 | D:1      | Reached skill level 1 in Long Blades
  1124 | D:1      | Reached skill level 1 in Axes
  1124 | D:1      | Reached skill level 1 in Maces & Flails
  1124 | D:1      | Reached skill level 1 in Polearms
  1124 | D:1      | Reached skill level 1 in Staves
  1124 | D:1      | Reached skill level 1 in Slings
  1124 | D:1      | Reached skill level 1 in Bows
  1124 | D:1      | Reached skill level 1 in Crossbows
  1124 | D:1      | Reached skill level 1 in Throwing
  1124 | D:1      | Reached skill level 1 in Armour
  1124 | D:1      | Reached skill level 1 in Stealth
  1124 | D:1      | Reached skill level 1 in Shields
  1124 | D:1      | Reached skill level 1 in Evocations
  1507 | D:1      | Learned a level 2 spell: Wereblood
  1511 | D:1      | Learned a level 3 spell: Spider Form
  1571 | D:2      | Reached XP level 4. HP: 30/34 MP: 9/11
  1702 | D:2      | Found a white marble altar of Elyvilon.
  1870 | D:2      | Reached skill level 1 in Conjurations
  1870 | D:2      | Reached skill level 1 in Hexes
  1870 | D:2      | Reached skill level 1 in Summonings
  1870 | D:2      | Reached skill level 1 in Necromancy
  1870 | D:2      | Reached skill level 1 in Translocations
  1870 | D:2      | Reached skill level 1 in Fire Magic
  1870 | D:2      | Reached skill level 1 in Ice Magic
  1870 | D:2      | Reached skill level 1 in Air Magic
  1870 | D:2      | Reached skill level 1 in Earth Magic
  1870 | D:2      | Reached skill level 1 in Poison Magic
  2552 | D:3      | Reached XP level 5. HP: 40/40 MP: 10/12
  2816 | D:4      | Noticed Blork the orc
  2829 | D:4      | Killed Blork the orc
  2837 | D:4      | Noticed an ice beast
  3067 | D:4      | Noticed an ogre
  3085 | D:3      | Reached XP level 6. HP: 39/47 MP: 11/13
  3262 | D:4      | Killed an ice beast
  3263 | D:4      | Reached skill level 5 in Dodging
  3299 | D:4      | Reached XP level 7. HP: 50/52 MP: 10/15
  3412 | D:4      | Found a shimmering blue altar of Sif Muna.
  3444 | D:4      | Found a staircase to the Ecumenical Temple.
  3466 | Temple   | Entered the Ecumenical Temple
  3498 | Temple   | Became a worshipper of Ashenzari the Shackled
  3994 | D:5      | Entered Level 5 of the Dungeon
  4615 | D:5      | Reached XP level 8. HP: 56/60 MP: 13/16
  4653 | D:5      | Found a snail-covered altar of Cheibriados.
  4653 | D:5      | Noticed Ijyb
  4665 | D:5      | Killed Ijyb
  4718 | D:5      | Found an opulent altar of Gozag.
  4719 | D:5      | Found an opulent altar of Gozag.
  4719 | D:5      | Found an opulent altar of Gozag.
  4741 | D:5      | Found an opulent altar of Gozag.
  4757 | D:5      | Found a hide-covered altar of Uskayaw.
  5203 | D:5      | Found an iron altar of Okawaru.
  5704 | D:6      | Identified the cursed +0 hat "Share My Gloom" {Fort, Self}
                  | (You found it on level 5 of the Dungeon)
  5722 | D:6      | Reached * piety under Ashenzari
  5912 | D:6      | Noticed Edmund
  6061 | D:6      | Killed Edmund
  6069 | D:6      | Found a sand-covered staircase.
  6074 | Ossuary  | Entered an ossuary
  6370 | Ossuary  | Reached skill level 5 in Transmutations
  6370 | Ossuary  | Reached XP level 9. HP: 59/66 MP: 14/18
  7111 | D:6      | Reached skill level 5 in Fighting
  7208 | D:7      | Found Jakion Ysyt's Antique Armour Boutique.
  7545 | D:7      | Found Sibo's Distillery.
  7551 | D:7      | Found a white marble altar of Elyvilon.
  7606 | D:7      | Found Coabbuw's Distillery.
  7609 | D:7      | Bought a potion of curing for 42 gold pieces
  7609 | D:7      | Bought a potion of curing for 42 gold pieces
  7690 | D:7      | Found Enowotso's Magic Scroll Shoppe.
  7696 | D:7      | Found Urhel's Book Boutique.
  7711 | D:7      | Identified a scroll of acquirement
  7987 | D:7      | Learned a level 4 spell: Ice Form
  8563 | D:7      | Acquired 1096 gold pieces
  8584 | D:7      | Bought a book of Transfigurations for 560 gold pieces
  8584 | D:7      | Bought the Unrestrained Analects for 616 gold pieces
  8620 | D:7      | Reached skill level 5 in Invocations
  9391 | D:8      | Noticed Grum
  9472 | D:8      | Found a stormy altar of Qazlal.
  9524 | D:8      | Killed Grum
  9525 | D:8      | Reached XP level 10. HP: 36/74 MP: 18/20
  9896 | D:8      | Reached skill level 5 in Short Blades
  9896 | D:8      | Reached skill level 5 in Long Blades
  9896 | D:8      | Reached skill level 5 in Axes
  9896 | D:8      | Reached skill level 5 in Maces & Flails
  9896 | D:8      | Reached skill level 5 in Polearms
  9896 | D:8      | Reached skill level 5 in Staves
  9896 | D:8      | Reached skill level 5 in Slings
  9896 | D:8      | Reached skill level 5 in Bows
  9896 | D:8      | Reached skill level 5 in Crossbows
  9896 | D:8      | Reached skill level 5 in Throwing
  9896 | D:8      | Reached skill level 5 in Armour
  9896 | D:8      | Reached skill level 5 in Stealth
  9896 | D:8      | Reached skill level 5 in Shields
  9896 | D:8      | Reached skill level 5 in Evocations
 10568 | D:8      | Found an ancient bone altar of Kikubaaqudgha.
 10753 | D:8      | Learned a level 5 spell: Irradiate
 11047 | D:9      | Found a glowing golden altar of the Shining One.
 11370 | D:9      | Reached ** piety under Ashenzari
 11734 | D:9      | Noticed a manticore
 11739 | D:9      | Killed a manticore
 12182 | D:9      | Found a staircase to the Orcish Mines.
 12202 | D:10     | Entered Level 10 of the Dungeon
 12202 | D:10     | Noticed Harold
 12209 | D:10     | Killed Harold
 12392 | D:10     | Found a glowing silver altar of Zin.
 12419 | D:10     | Found a portal to a secret trove of treasure.
 12529 | D:10     | Found a hazy altar of Hepliaklqana.
 12764 | D:10     | Noticed a two-headed ogre
 13611 | D:10     | Reached XP level 11. HP: 31/83 MP: 15/22
 13629 | D:10     | Found a staircase to the Lair.
 13869 | D:10     | Found a sparkling altar of Nemelex Xobeh.
 13904 | D:10     | Noticed a two-headed ogre
 14008 | Orc:1    | Entered Level 1 of the Orcish Mines
 14008 | Orc:1    | Found Pyarolor's Jewellery Shoppe.
 14159 | D:10     | Killed a two-headed ogre
 14524 | D:10     | Killed a two-headed ogre
 14525 | D:10     | Reached skill level 5 in Conjurations
 14525 | D:10     | Reached skill level 5 in Hexes
 14525 | D:10     | Reached skill level 5 in Summonings
 14525 | D:10     | Reached skill level 5 in Necromancy
 14525 | D:10     | Reached skill level 5 in Translocations
 14525 | D:10     | Reached skill level 5 in Fire Magic
 14525 | D:10     | Reached skill level 5 in Ice Magic
 14525 | D:10     | Reached skill level 5 in Air Magic
 14525 | D:10     | Reached skill level 5 in Earth Magic
 14525 | D:10     | Reached skill level 5 in Poison Magic
 14780 | D:11     | Noticed a red ugly thing
 14829 | Lair:1   | Entered Level 1 of the Lair of Beasts
 15086 | Lair:1   | Noticed a wolf spider
 15108 | Lair:1   | Killed a wolf spider
 15146 | Lair:1   | Identified the cursed +0 steam dragon scales "Gloom of the
                  | Sky" {Self, Melee} (You found it on level 10 of the
                  | Dungeon)
 16769 | Lair:1   | Reached XP level 12. HP: 62/91 MP: 22/24
 17768 | Lair:2   | Noticed a six-headed hydra
 17784 | Lair:2   | Killed a six-headed hydra
 19337 | Lair:3   | Found a dark tunnel.
 19524 | Lair:3   | Reached skill level 10 in Unarmed Combat
 20788 | Lair:3   | Found a staircase to the Swamp.
 20832 | Lair:3   | Noticed a five-headed hydra
 20848 | Lair:3   | Killed a five-headed hydra
 21103 | Lair:3   | Reached XP level 13. HP: 95/98 MP: 23/26
 21902 | Lair:3   | Found a staircase to the Snake Pit.
 22344 | Lair:3   | Reached *** piety under Ashenzari
 22996 | Lair:4   | Identified the +1 scale mail "Duuleb" {-Cast +Blink rElec}
 24917 | Lair:6   | Entered Level 6 of the Lair of Beasts
 24917 | Lair:6   | Found a runed translucent gate.
 24917 | Lair:6   | Found a runed translucent gate.
 24917 | Lair:6   | Found a runed translucent gate.
 24947 | Lair:6   | Reached skill level 10 in Spellcasting
 25235 | Lair:6   | Found a staircase to the Slime Pits.
 25537 | Lair:6   | Reached skill level 10 in Dodging
 25544 | Lair:6   | Reached XP level 14. HP: 64/111 MP: 24/29
 25551 | Lair:6   | HP: 4/133 [manticore (13)]
 26078 | Lair:6   | Identified the ring "Puoc" {rElec Str+6}
 26082 | Lair:6   | Identified the +6 trident of Immorality {vorpal, Int+4}
 26772 | D:9      | Learned a level 5 spell: Blade Hands
 26778 | D:9      | Learned a level 5 spell: Manifold Assault
 26785 | D:9      | Learned a level 6 spell: Simulacrum
 28502 | Orc:1    | Found a runed translucent gate.
 28502 | Orc:1    | Found a runed translucent gate.
 28674 | Orc:1    | Found a runed translucent gate.
 28681 | Orc:1    | Noticed Faticla's ghost (journeyman DsAM)
 28755 | Orc:2    | Entered Level 2 of the Orcish Mines
 28755 | Orc:2    | Found a staircase to the Elven Halls.
 29800 | Orc:2    | Reached skill level 10 in Invocations
 30623 | Orc:2    | Paralysed by an orc sorcerer for 3 turns
 30632 | Orc:2    | Paralysed by an orc sorcerer for 5 turns
 30939 | Orc:2    | Found Elurr's Jewellery Shop.
 30946 | Orc:2    | Bought the ring of the Mage {Wiz Archmagi} for 765 gold
                  | pieces
 30946 | Orc:2    | Found the ring of the Mage {Wiz Archmagi}
 30962 | Orc:2    | Found an ancient bone altar of Kikubaaqudgha.
 31075 | Orc:2    | Found Deoz's Distillery.
 31141 | Orc:2    | Found a radiant altar of Vehumet.
 31144 | Orc:2    | Paralysed by an ogre mage for 4 turns
 31311 | Orc:2    | Found Toewnang's Jewellery Boutique.
 31489 | Orc:2    | Found Jappooh's Antique Weapon Shop.
 32367 | D:11     | Identified the Almanac of Feathery Unholy Magic
 32931 | D:11     | Reached skill level 10 in Fighting
 33943 | D:12     | Reached XP level 15. HP: 119/119 MP: 19/31
 35141 | D:12     | Noticed Nergalle
 35153 | D:12     | Killed Nergalle
 38330 | D:12     | Reached skill level 10 in Short Blades
 38330 | D:12     | Reached skill level 10 in Long Blades
 38330 | D:12     | Reached skill level 10 in Axes
 38330 | D:12     | Reached skill level 10 in Maces & Flails
 38330 | D:12     | Reached skill level 10 in Polearms
 38330 | D:12     | Reached skill level 10 in Staves
 38330 | D:12     | Reached skill level 10 in Slings
 38330 | D:12     | Reached skill level 10 in Bows
 38330 | D:12     | Reached skill level 10 in Crossbows
 38330 | D:12     | Reached skill level 10 in Throwing
 38330 | D:12     | Reached skill level 10 in Armour
 38330 | D:12     | Reached skill level 10 in Stealth
 38330 | D:12     | Reached skill level 10 in Shields
 38330 | D:12     | Reached skill level 10 in Evocations
 39725 | D:14     | Found a gate to the Vaults.
 40624 | D:13     | Learned a level 7 spell: Dragon Form
 41311 | D:14     | Noticed Azrael
 41321 | D:14     | Killed Azrael
 41454 | D:14     | Noticed Frances
 41464 | D:14     | Killed Frances
 42468 | D:15     | Entered Level 15 of the Dungeon
 42659 | D:15     | Found a staircase to the Depths.
 42659 | D:15     | Noticed a fire giant
 42665 | D:15     | Killed a fire giant
 44387 | Lair:6   | Reached XP level 16. HP: 131/131 MP: 23/34
 44582 | Lair:6   | Noticed Zeld's ghost (journeyman DrCj)
 44582 | Lair:6   | Noticed Razfen's ghost (journeyman GnWn)
 44917 | Snake:1  | Entered Level 1 of the Snake Pit
 46489 | Snake:1  | Reached skill level 10 in Transmutations
 46992 | Snake:2  | Noticed Kirke
 46998 | Snake:2  | Killed Kirke
 47295 | Snake:2  | Noticed Agnes
 47299 | Snake:2  | Killed Agnes
 48196 | Snake:2  | Noticed Mlioglotl
 48206 | Snake:2  | Killed Mlioglotl
 49342 | Snake:2  | Found a bloodstained altar of Trog.
 49601 | Snake:3  | Reached XP level 17. HP: 137/137 MP: 1/35
 51267 | Snake:4  | Entered Level 4 of the Snake Pit
 52301 | Snake:4  | Found Dycs's Self-Improvement Boutique.
 52976 | Snake:4  | Reached skill level 10 in Conjurations
 52976 | Snake:4  | Reached skill level 10 in Hexes
 52976 | Snake:4  | Reached skill level 10 in Summonings
 52976 | Snake:4  | Reached skill level 10 in Necromancy
 52976 | Snake:4  | Reached skill level 10 in Translocations
 52976 | Snake:4  | Reached skill level 10 in Fire Magic
 52976 | Snake:4  | Reached skill level 10 in Ice Magic
 52976 | Snake:4  | Reached skill level 10 in Air Magic
 52976 | Snake:4  | Reached skill level 10 in Earth Magic
 52976 | Snake:4  | Reached skill level 10 in Poison Magic
 54535 | Snake:4  | Got a serpentine rune of Zot
 54965 | Swamp:1  | Entered Level 1 of the Swamp
 55432 | Swamp:1  | Reached XP level 18. HP: 146/146 MP: 1/36
 55724 | Swamp:1  | Identified the +1 ring mail of the New World {Str+4 Int+3
                  | SInv}
 55997 | Swamp:2  | Noticed a tentacled monstrosity
 56001 | Swamp:2  | Killed a tentacled monstrosity
 56471 | Swamp:2  | Noticed a tentacled monstrosity
 56473 | Swamp:2  | Killed a tentacled monstrosity
 57010 | Swamp:3  | Noticed Mara
 57016 | Swamp:3  | Killed Mara
 58340 | Swamp:3  | Noticed Aizul
 58350 | Swamp:3  | Killed Aizul
 58886 | Swamp:4  | Entered Level 4 of the Swamp
 58892 | Swamp:4  | Noticed Nikola
 59184 | Swamp:4  | Killed Nikola
 60076 | Swamp:4  | Identified the +1 leather armour "Xuhuegh" {rC+ Dex+4}
 61088 | Swamp:4  | Noticed a tentacled monstrosity
 61091 | Swamp:4  | Killed a tentacled monstrosity
 61092 | Swamp:4  | Reached XP level 19. HP: 154/154 MP: 6/38
 61227 | Swamp:4  | Got a decaying rune of Zot
 61671 | Elf:1    | Entered Level 1 of the Elven Halls
 61887 | Elf:1    | Found Motom's Antique Armour Emporium.
 61918 | Elf:1    | Found Birphy's Assorted Antiques.
 61918 | Elf:1    | Found Koal Ugo's Distillery.
 61921 | Elf:1    | Found Fanogiyc's General Store.
 61984 | Elf:1    | Found a flickering gateway to a bazaar.
 61993 | Bazaar   | Entered a bazaar
 62011 | Bazaar   | Found Eji Soxu's Distillery.
 62011 | Bazaar   | Found Zouseir's General Store.
 62032 | Bazaar   | Found Getiell's Weapon Shoppe.
 62053 | Bazaar   | Found Teikhly's Jewellery Shoppe.
 62114 | Bazaar   | Bought a potion of heal wounds for 50 gold pieces
 62114 | Bazaar   | Bought a potion of curing for 30 gold pieces
 62114 | Bazaar   | Bought a potion of haste for 100 gold pieces
 62114 | Bazaar   | Bought a potion of curing for 30 gold pieces
 62114 | Bazaar   | Bought a potion of curing for 30 gold pieces
 62114 | Bazaar   | Bought a potion of curing for 30 gold pieces
 62114 | Bazaar   | Bought 2 potions of lignification for 60 gold pieces
 62120 | Bazaar   | Bought a Grand Grimoire for 578 gold pieces
 62203 | Elf:1    | Noticed Donald
 62209 | Elf:1    | Killed Donald
 62284 | Elf:1    | Identified the cursed +2 robe "Sybil of the Bound God"
                  | {Archmagi, Melee, Elem} (You took it off Agnes on level 2
                  | of the Snake Pit)
 62879 | Elf:1    | Noticed an Ice Fiend
 62880 | Elf:1    | Paralysed by an air elemental for 1 turns
 63130 | Elf:1    | Bought a scroll of acquirement for 728 gold pieces
 63130 | Elf:1    | Bought a potion of heal wounds for 70 gold pieces
 63130 | Elf:1    | Acquired the Almanac of Aerial Earth
 63139 | Elf:1    | Bought a potion of curing for 39 gold pieces
 63139 | Elf:1    | Bought a potion of curing for 39 gold pieces
 63139 | Elf:1    | Bought a potion of haste for 130 gold pieces
 63139 | Elf:1    | Bought a potion of might for 52 gold pieces
 63139 | Elf:1    | Bought 2 potions of curing for 78 gold pieces
 63139 | Elf:1    | Bought a potion of lignification for 39 gold pieces
 63139 | Elf:1    | Bought a potion of curing for 39 gold pieces
 63142 | Elf:1    | Bought a pair of dazzling gloves for 342 gold pieces
 63142 | Elf:1    | Identified the +2 pair of gloves of Rukomn {rElec rCorr
                  | Slay-3} (You bought it in a shop on level 1 of the Elven
                  | Halls)
 64116 | Elf:2    | Reached **** piety under Ashenzari
 64153 | Elf:2    | Found a runed translucent gate.
 64153 | Elf:2    | Found a runed translucent gate.
 64153 | Elf:2    | Found a runed translucent gate.
 64270 | Elf:2    | Identified the cursed +0 pair of boots "Lashed With Me"
                  | {Evo, Elem} (You found it on level 14 of the Dungeon)
 65513 | Elf:3    | Entered Level 3 of the Elven Halls
 66057 | Elf:3    | Identified the +0 ring mail "Ufugu" {rC+ Regen+}
 66060 | Elf:3    | Reached XP level 20. HP: 166/166 MP: 13/41
 66282 | Elf:3    | Identified the cursed +0 cloak of the Mantic Prison {Elem,
                  | Self} (You found it on level 1 of the Snake Pit)
 66397 | Elf:3    | Identified the +7 quarterstaff of Ceekysu {pain, *Rage
                  | rC+++ Dex-2 SInv}
 66909 | Elf:1    | Found a radiant altar of Vehumet.
 67465 | Elf:3    | Reached skill level 15 in Unarmed Combat
 67548 | Elf:3    | Identified the +7 scimitar "Bebapsu" {freeze, rElec rC-
                  | Stlth+}
 67924 | Elf:3    | Learned a level 8 spell: Ignition
 67933 | Elf:3    | Learned a level 8 spell: Lehudib's Crystal Spear
 68126 | Elf:3    | Identified the +7 halberd of Pandemonium {antimagic, rCorr}
 68435 | Elf:3    | Identified the +12 whip "Goraypso" {freeze, rPois Str+3}
 68770 | Elf:3    | Identified Sif Muna's Tome of the Compass
 68772 | Elf:3    | Identified the Compendium of Orientation
 68776 | Elf:3    | Identified the Almanac of Feathery Illusion
 68793 | Elf:3    | Identified the +1 cloak of Ashenzari's Approval {rC+ Dex+4}
 69307 | Elf:3    | Reached skill level 15 in Invocations
 70262 | Vaults:1 | Entered Level 1 of the Vaults
 70318 | Vaults:1 | Identified the +5 dagger "Gowaul" {vorpal, Int+4 Dex+6
                  | Stlth+}
 72127 | Vaults:1 | Reached XP level 21. HP: 158/171 MP: 14/41
 72636 | Vaults:1 | Reached skill level 15 in Spellcasting
 73970 | Vaults:2 | Reached skill level 15 in Dodging
 75149 | Vaults:2 | Found a staircase to the Crypt.
 77798 | Vaults:3 | Found Juss's Weapon Shop.
 77967 | Vaults:3 | Noticed Mennas
 79352 | Vaults:3 | Killed Mennas
 79530 | Vaults:4 | Reached skill level 15 in Fighting
 79648 | Vaults:4 | Reached XP level 22. HP: 180/180 MP: 17/43
 81558 | Vaults:4 | Reached skill level 15 in Short Blades
 81558 | Vaults:4 | Reached skill level 15 in Long Blades
 81558 | Vaults:4 | Reached skill level 15 in Axes
 81558 | Vaults:4 | Reached skill level 15 in Maces & Flails
 81558 | Vaults:4 | Reached skill level 15 in Polearms
 81558 | Vaults:4 | Reached skill level 15 in Staves
 81558 | Vaults:4 | Reached skill level 15 in Slings
 81558 | Vaults:4 | Reached skill level 15 in Bows
 81558 | Vaults:4 | Reached skill level 15 in Crossbows
 81558 | Vaults:4 | Reached skill level 15 in Throwing
 81558 | Vaults:4 | Reached skill level 15 in Armour
 81558 | Vaults:4 | Reached skill level 15 in Stealth
 81558 | Vaults:4 | Reached skill level 15 in Shields
 81558 | Vaults:4 | Reached skill level 15 in Evocations
 82448 | Vaults:5 | Entered Level 5 of the Vaults
 82653 | Vaults:5 | Noticed an ancient lich
 82661 | Vaults:5 | Killed an ancient lich
 83557 | Vaults:5 | Identified the Incunabulum of Scorching Clay
 83660 | Vaults:5 | Noticed a shard shrike
 83660 | Vaults:5 | Noticed a juggernaut
 83660 | Vaults:5 | a shard shrike changed into a juggernaut
 83663 | Vaults:5 | Noticed a shard shrike
 83667 | Vaults:5 | a shard shrike changed into a rockslime
 83671 | Vaults:5 | Noticed a shard shrike
 83671 | Vaults:5 | a titan changed into a shard shrike
 83674 | Vaults:5 | Noticed a juggernaut
 83674 | Vaults:5 | a shard shrike changed into a juggernaut
 83676 | Vaults:5 | Killed a juggernaut
 84027 | Vaults:5 | Noticed a golden dragon
 84034 | Vaults:5 | Killed a golden dragon
 84255 | Vaults:5 | Reached XP level 23. HP: 188/188 MP: 43/45
 84257 | Vaults:5 | Identified the +0 pair of boots of the Spider Nest {*Slow
                  | rN+ Int+5}
 84278 | Vaults:5 | Identified the ring of Honesty {Str-3 Int+6 Slay+3 Stlth+}
 84670 | Vaults:5 | Identified the ring "Icoraatto" {Wiz Str+7}
 84697 | Vaults:5 | HP: 5/282 [vault guard/+2 great sword (28)]
 84698 | Vaults:5 | Noticed a golden dragon
 84779 | Vaults:5 | Identified the +8 morningstar of Dividends {venom, rF+
                  | rCorr Int-3 Dex+9}
 85039 | Vaults:5 | Identified the ring "Ysocw" {*Corrode rPois Int+7 Slay+4
                  | Stlth-}
 85072 | Vaults:5 | Got a silver rune of Zot
 85221 | Vaults:5 | Killed a golden dragon
 85900 | Depths:1 | Entered Level 1 of the Depths
 87312 | Depths:1 | Learned a level 8 spell: Infestation
 87786 | Depths:1 | Found a gateway to Hell.
 88691 | Depths:2 | Found a one-way gateway to a ziggurat.
 89013 | Depths:2 | Found a flickering gateway to a bazaar.
 89022 | Bazaar   | Entered a bazaar
 89230 | Bazaar   | Found Jezimn's Jewellery Shop.
 89233 | Bazaar   | Found Vourejid's Book Shop.
 89353 | Depths:2 | HP: 10/285 [frost giant/+4 battleaxe of freezing (7)]
 89354 | Depths:2 | Killed from afar by a frost giant

Illustrated notes

Levels and vault maps discovered:
D:1:      psy_arrival_dodecagon, layout_loops_ring,
          ebering_ecumenical_altar_hall
D:2:      layout_basic, basic_altar
D:3:      kennysheep_six_static_rooms, layout_basic
D:4:      layout_loops_ring, mainiacjoe_overflow_alcove_2,
          minmay_temple_entry_tees, minmay_starry_boxes, uniq_blork_the_orc
D:5:      layout_loops_ring, nicolae_gozag_conspicuous_consumption,
          lemuel_coloured_pillars_altar, mainiacjoe_overflow_brackets,
          mainiacjoe_overflow_six_doors_small, uniq_ijyb
D:6:      layout_rooms, lightli_ossuary_entry_decrepit_ruins, minivault_24,
          uniq_edmund
D:7:      layout_loops_ring, elyvilon_altar_3, serial_shops,
          nicolae_stop_n_shop_2, nicolae_shop_stone, nicolae_take_the_stairs,
          shop, kennysheep_mini_moat, corexii_corridor_pit
D:8:      layout_cave_pools, kennysheep_mini,
          lemuel_mausoleum_altar_kikubaaqudgha, uniq_grum
D:9:      layout_gridville, tso_metal_star, orc_0_dummy, abandoned_shop
D:10:     layout_basic, marbit_many_paths, nicolae_hepliaklqana_hazy_memory,
          overflow_temple_1_default, david_lair_shrubbed,
          nicolae_trove_entry_crystal, serial_aquarium, aquarium_bridge_square
          [aquarium_subvault_wall, aquarium_subvault_bridge,
          aquarium_subvault_window, aquarium_subvault_window],
          aquarium_window_fake, aquarium_window_corridor_1,
          aquarium_window_corner, aquarium_window_fake, aquarium_view_2e,
          aquarium_pool_corner, enter_bailey_3, uniq_harold
D:11:     minmay_the_grid_3x2 [minmay_the_grid_box_x,
          minmay_the_grid_small_cups, minmay_the_grid_paths,
          minmay_the_grid_outer_circle, minmay_the_grid_all_tris,
          minmay_the_grid_prize_big_room], layout_loops_ring,
          kennysheep_generic_room_7
D:12:     layout_basic, uniq_nergalle
D:13:     layout_cave_pools, amcnicky_mini_rare_corridor_liquid,
          minmay_misc_feat_more_columns
D:14:     layout_grid_maze, erik_vaults_1, uniq_frances, uniq_azrael
D:15:     grunt_enter_depths_giant_problem, layout_basic, hex_medium
Temple:   chequers_temple_sunken
Lair:1:   layout_roguey, nicolae_lair_run_with_the_wolves
Lair:2:   layout_layer_cave, nicolae_lair_lindhole, grunt_megastairs_5
Lair:3:   regret_index_tunnel_blossom, layout_regular_city, swamp_mist,
          nicolae_volcano_entry_batcave, infiniplex_staircase_pool
Lair:4:   layout_gridlike
Lair:5:   layout_roguey, lemuel_fruit_tree
Lair:6:   gammafunk_lair_ancient_temple, layout_layer_cave,
          nicolae_slime_entry_slimehenge, gammafunk_ghost_cemetery,
          serial_bayou_shore_b
Swamp:1:  layout_basic_swamp, evilmike_swamp_ruin_house_2, swamp_pool3
Swamp:2:  layout_basic_swamp, evilmike_swamp_ruin_rubble_1
Swamp:3:  nicolae_swamp_tree_isthmus, layout_basic_swamp, serial_swamp_ruin,
          evilmike_swamp_ruin_rubble_2, evilmike_swamp_ruin_house_1,
          swamp_pool2, uniq_aizul, uniq_mara
Swamp:4:  swamp_vile, layout_basic_swamp, swamp_pool4, uniq_nikola
Snake:1:  layout_gridlike
Snake:2:  layout_chambers, basic_altar, serial_bayou, serial_bayou_ford_a,
          serial_bayou_lagoon_a, serial_bayou_lake_a, serial_bayou_pond_d,
          serial_bayou_crossing, serial_bayou_shore_b, drop_trap,
          uniq_mlioglotl, uniq_agnes, uniq_kirke
Snake:3:  layout_misc_corridors
Snake:4:  snake_pit, layout_onion_interference, nicolae_shop_self_help
Orc:1:    layout_diamond_mine, biasface_ghost_orc_armoury, serial_shops, shop
Orc:2:    kennysheep_orc_mage_school, layout_caves, mines1_david
Elf:1:    elf_arrival_001, layout_rooms, serial_shops, bzr_firewalk,
          minmay_elf_crystal_hexagon, minmay_shoptagon, lemuel_upstairs_altar,
          uniq_donald
Elf:2:    elven_hall_of_blades_hangedman_original [nooodl_blade_entry_preview],
          layout_rooms, uniq_louise
Elf:3:    minmay_elf_hall_curves, layout_gridlike, nicolae_elf_deep_mausoleum
Vaults:1: v_misc_14, nicolae_vaults_angled_halls, nicolae_vaults_asterisk,
          v_misc_8, hangedman_vaults_restitches, v_rooms_4, vaults_room_fours,
          nicolae_vaults_circle_grid_a, ontoclasm_vaults_eye,
          layout_vaults_omnigrid
Vaults:2: portal_desolation_entry_nicolae_slug, ontoclasm_vaults_ring_small,
          minmay_crypt_entry_simple_box, nicolae_vaults_circle_grid_b,
          grunt_vaults_diagonal, vaults_standard_mumra_lines,
          nicolae_vaults_little_squares_5, hangedman_vaults_river_flow,
          grunt_vaults_swirl, vaults_room_hallway, ontoclasm_vaults_shuriken,
          v_pattern_4, layout_vaults_big_cross
Vaults:3: nicolae_vaults_quadrants, vaults_dpeg_ring,
          hangedman_vaults_corner_blocks, hangedman_vaults_restitches,
          vaults_mumra_minichess, v_misc_15, vaults_dpeg_diagonal,
          vaults_room_pools, layout_vaults_chaotic_city, serial_shops, shop,
          uniq_mennas
Vaults:4: nicolae_vaults_border_crossing, vaults_room_large_hall, v_misc_22,
          v_misc_16, vaults_room_boxed, nicolae_vaults_stairing_the_circle,
          grunt_vaults_twisty, hangedman_vaults_trim, hangedman_vaults_capsules,
          nicolae_vaults_asterisk, vaults_room_hallway, nicolae_vaults_theta,
          layout_vaults_omnibox
Vaults:5: serial_shops
Depths:1: layout_gridlike, grunt_mini_vestibule, grunt_decor_resistance,
          nicolae_figureground_pulse
Depths:2: minmay_four_inscribed_fans, layout_gridville, enter_ziggurat_e,
          hell_entry, rand_demon_pan_entry_3, minmay_crystal_water,
          serial_shops, bzr_entry_islet, special_room [special_room_morgue],
          kennysheep_cross_bottleneck

Skill      XL: |  1  2  3  4  5  6  7  8  9 10 11 12 13 14 15 16 17 18 19 20 21 22 23 |
---------------+----------------------------------------------------------------------+-----
Spellcasting   | 5 6 7 8 9 10 11 12 13 14 15 16 | 16.7
Invocations    | 1 2 3 4 5 6 7 8 9 10 11 12 13 14 15 16 17 | 17.4
Short Blades   | 1 2 3 4 5 6 7 8 9 10 11 12 13 14 15 16 | 16.0
Long Blades    | 1 2 3 4 5 6 7 8 9 10 11 12 13 14 15 16 | 16.0
Axes           | 1 2 3 4 5 6 7 8 9 10 11 12 13 14 15 16 | 16.7
Maces & Flails | 1 2 3 4 5 6 7 8 9 10 11 12 13 14 15 16 | 16.0
Polearms       | 1 2 3 4 5 6 7 8 9 10 11 12 13 14 15 16 | 16.0
Staves         | 1 2 3 4 5 6 7 8 9 10 11 12 13 14 15 16 | 16.0
Slings         | 1 2 3 4 5 6 7 8 9 10 11 12 13 14 15 16 | 16.0
Bows           | 1 2 3 4 5 6 7 8 9 10 11 12 13 14 15 16 | 16.0
Crossbows      | 1 2 3 4 5 6 7 8 9 10 11 12 13 14 15 16 | 16.0
Throwing       | 1 2 3 4 5 6 7 8 9 10 11 12 13 14 15 16 | 16.0
Armour         | 1 2 3 4 5 6 7 8 9 10 11 12 13 14 15 16 | 16.0
Stealth        | 1 2 3 4 5 6 7 8 9 10 11 12 13 14 15 16 | 16.0
Shields        | 1 2 3 4 5 6 7 8 9 10 11 12 13 14 15 16 | 16.0
Evocations     | 1 2 3 4 5 6 7 8 9 10 11 12 13 14 15 16 | 16.0
Conjurations   | 1 2 3 4 5 6 7 8 9 10 11 12 13 | 13.6
Hexes          | 1 2 3 4 5 6 7 8 9 10 11 12 13 | 13.6
Summonings     | 1 2 3 4 5 6 7 8 9 10 11 12 13 | 13.6
Necromancy     | 1 2 3 4 5 6 7 8 9 10 11 12 13 | 13.6
Translocations | 1 2 3 4 5 6 7 8 9 10 11 12 13 | 13.6
Fire Magic     | 1 2 3 4 5 6 7 8 9 10 11 12 13 | 13.6
Ice Magic      | 1 2 3 4 5 6 7 8 9 10 11 12 13 | 13.6
Air Magic      | 1 2 3 4 5 6 7 8 9 10 11 12 13 | 13.6
Earth Magic    | 1 2 3 4 5 6 7 8 9 10 11 12 13 | 13.6
Poison Magic   | 1 2 3 4 5 6 7 8 9 10 11 12 13 | 13.6
Fighting       | 3 4 5 6 7 8 9 10 11 12 13 14 15 16 | 16.2
Transmutations | 4 5 6 7 8 9 10 11 12 13 14 | 14.1
Dodging        | 5 6 7 8 9 10 11 12 13 14 15 16 | 16.6
Unarmed Combat | 7 8 9 10 11 12 13 14 15 16 17 | 17.2

Action                   |  1- 3 |  4- 6 |  7- 9 | 10-12 | 13-15 | 16-18 | 19-21 | 22-24 || total
-------------------------+-------+-------+-------+-------+-------+-------+-------+-------++-------
Melee: Unarmed           |    71 |   113 |   395 |   461 |   978 |   805 |   996 |   712 ||  4531
       Kick              |    10 |    17 |     9 |       |       |       |       |       ||    36
       Bite              |     8 |     5 |     4 |       |     6 |    35 |    27 |    38 ||   123
       Punch             |     5 |     2 |     1 |       |     3 |    25 |    31 |    37 ||   104
       Headbutt          |     4 |     7 |     3 |       |       |       |       |       ||    14
       Tailslap          |       |       |       |       |     3 |    48 |    43 |    59 ||   153
       Trishula          |       |       |       |       |       |       |       |    10 ||    10
 Cast: Beastly Appendage |    20 |    20 |     7 |       |     1 |       |       |       ||    48
       Spider Form       |       |     4 |    46 |    11 |     3 |     1 |     3 |       ||    68
       Wereblood         |       |       |     2 |     2 |     2 |       |     3 |       ||     9
       Ice Form          |       |       |     6 |    57 |   139 |     3 |       |       ||   205
       Irradiate         |       |       |       |    18 |    55 |       |       |       ||    73
       Blade Hands       |       |       |       |       |     1 |       |       |       ||     1
       Manifold Assault  |       |       |       |       |    56 |   326 |   406 |   279 ||  1067
       Dragon Form       |       |       |       |       |    18 |   104 |   115 |    61 ||   298
       Simulacrum        |       |       |       |       |       |       |     4 |     1 ||     5
       Ignition          |       |       |       |       |       |       |     8 |     1 ||     9
       Infestation       |       |       |       |       |       |       |       |     1 ||     1
Invok: Curse Item        |       |       |     2 |     2 |     2 |       |     3 |     1 ||    10
       Shatter the Chain |       |       |       |       |     1 |     1 |     1 |       ||     3
 Abil: End Transformatio |       |       |     5 |     3 |     4 |     3 |    13 |     3 ||    31
       Breathe Fire      |       |       |       |       |     2 |     9 |     8 |     2 ||    21
  Use: Scroll            |       |       |     1 |     2 |     4 |     2 |     6 |    13 ||    28
       Potion            |       |       |       |     2 |     1 |       |     2 |    10 ||    15
 Stab: Sleeping          |     3 |       |     8 |     7 |     9 |     8 |     5 |       ||    40
       Distracted        |       |       |       |       |       |       |     1 |     2 ||     3
Armor: Robe              |     6 |    13 |       |       |       |     1 |     1 |     1 ||    22
       Skin              |       |     1 |    18 |   138 |   276 |    92 |   109 |    85 ||   719
       Steam dragon scal |       |       |       |       |     7 |       |       |       ||     7
Dodge: Dodged            |    46 |    68 |   252 |   335 |   514 |   110 |   127 |    97 ||  1549
Block: Other             |       |       |       |       |   171 |    59 |    23 |       ||   253
       Reflection        |       |       |       |       |    13 |     8 |     5 |       ||    26
